 Dungeon Crawl Stone Soup version 0.22-a0-433-gd2a9cce (webtiles) character file.

21 KristoblXynda the Sneak (level 2, -1/13 HPs)
             Began as a Spriggan Enchanter on May 28, 2018.
             Slain by Sigmund
             ... wielding a +1 scythe of protection
              (2 damage)
             ... on level 2 of the Dungeon.
             The game lasted 00:01:44 (1058 turns).

KristoblXynda the Sneak (Spriggan Enchanter)        Turns: 1058, Time: 00:01:45

Health: -1/13      AC:  2    Str:  9    XL:     2   Next: 62%
Magic:  3/7        EV: 18    Int: 20    God:
Gold:   82         SH:  0    Dex: 16    Spells: 4/7 levels left

rFire    . . .     SeeInvis +   a - +1 dagger
rCold    . . .     Gourm    .   (shield restricted)
rNeg     . . .     Faith    .   b - +0 robe
rPois    .         Spirit   .   (helmet restricted)
rElec    .         Reflect  .   (no cloak)
rCorr    .         Harm     .   (gloves unavailable)
MR       .....                  (boots unavailable)
Stlth    +++.......             (no amulet)
HPRegen  0.04/turn              c - +4 ring of intelligence
MPRegen  0.10/turn              (no ring)

@: mighty, very quick
A: very small, unfitting armour, see invisible, herbivore, speed 3, slow
metabolism 2
a: no special abilities


You were on level 2 of the Dungeon.
You were not hungry.

You visited 1 branch of the dungeon, and saw 2 of its levels.

You collected 82 gold pieces.

Inventory:

Hand Weapons
 a - a +1 dagger (weapon)
Armour
 b - a +0 robe (worn)
Jewellery
 c - a +4 ring of intelligence (left hand)
Scrolls
 e - a scroll of immolation {unknown}
 g - a scroll of identify
 i - a scroll of fear {unknown}
Potions
 f - a potion of mutation
 h - a potion of brilliance {unknown}
Comestibles
 d - 2 rations


   Skills:
 - Level 1.1 Short Blades
 - Level 3.0 Dodging
 + Level 5.0 Stealth
 + Level 3.2 Spellcasting
 + Level 4.1 Hexes


You had 4 spell levels left.
You knew the following spells:

 Your Spells              Type           Power        Failure   Level  Hunger
a - Corona                Hex            ###....      2%          1    None
b - Ensorcelled Hibernat  Hex/Ice        ##....       9%          2    ##.....

Your spell library contained the following spells:

 Spells                   Type           Power        Failure   Level  Hunger
 Confuse                  Hex            ###.....     8%          3    ###....
 Tukima's Dance           Hex            ###.....     8%          3    ###....
 Dazzling Spray           Conj/Hex       ##....       19%         3    ###....


Dungeon Overview and Level Annotations

Branches:
Dungeon (2/15)

Altars:

Annotations:
D:2 Sigmund


Innate Abilities, Weirdness & Mutations

You are very small and have problems with some larger weapons.
You are too small for most types of armour.
You have supernaturally acute eyesight. (SInv)
You are a herbivore.
You cover ground extremely quickly.
You need to consume almost no food.


Message History

You closely miss Sigmund.
Sigmund is almost dead.
Sigmund barely misses you.
You hit Sigmund but do no damage.
Sigmund is almost dead.
You feel less confused.
You hit Sigmund but do no damage.
Sigmund is almost dead.
Sigmund gestures at you while chanting. The puff of flame hits you!
* * * LOW HITPOINT WARNING * * *
You hit Sigmund but do no damage.
Sigmund is almost dead.
Sigmund stops glowing.
Sigmund says, "Your kind have come here before.
I understand now why.
You desire death..."
Sigmund completely misses you.
It was a potion of might.
You feel very mighty all of a sudden.
Sigmund hits you with a scythe of protection.
You die...

≈.≈≈≈.#+#.#...#
....≈PP≈..>..#.#.#
#..PP≈P≈P..........
#...≈♣PP........#..
P##.!P≈≈.≈..........#
≈.PP..≈≈P≈ #@# ..P
♣PPPPP≈♣PP####)#
..P≈≈≈PPPP♣PP#...#.#
..P≈≈≈♣P♣♣≈PP..@@..#
#PP≈♣♣♣≈≈≈P...#.###
#PP♣≈♣♣≈P≈.###...
#.P≈≈≈♣≈P....#####
.###PPP≈≈≈PP..#.#
#...#.PP≈P.P#.#†#
#.#..≈P≈≈.....### #
#.....##..†.........
#.#...#.#############≈


You could see Sigmund (invisible).

Vanquished Creatures
  A dart slug (D:2)
  A leopard gecko (D:1)
  2 giant cockroaches (D:2)
  A goblin (D:1)
  2 hobgoblins (D:1)
  3 jackals (D:1)
  A kobold (D:2)
  A bat (D:2)
  2 frilled lizards
  2 rats (D:2)
16 creatures vanquished.

Notes
Turn   | Place    | Note
-------+----------+-------------------------------------------
     0 | D:1      | KristoblXynda the Spriggan Enchanter began the quest for the Orb.
     0 | D:1      | Reached XP level 1. HP: 9/9 MP: 5/5
   687 | D:1      | Reached XP level 2. HP: 10/13 MP: 7/7
   865 | D:1      | Learned a level 2 spell: Ensorcelled Hibernation
  1019 | D:2      | Noticed Sigmund
  1020 | D:2      | Reached skill level 5 in Stealth
  1058 | D:2      | Slain by Sigmund

Vault maps used:
D:1:      ncdulo_smallfort
D:2:      serial_bayou, serial_bayou_ford_a, serial_bayou_lagoon_a,
          serial_bayou_shore_a, serial_bayou_lagoon_b, minmay_tetromino_i4,
          uniq_sigmund

Skill      XL: |  1  2 |
---------------+-------+-----
Spellcasting   | 3 |  3.2
Hexes          | 4 |  4.1
Stealth        | 5 |  5.0
Short Blades   | |  1.1
Dodging        | |  3.0

Action                   || total
-------------------------++-------
Melee: Dagger            ||    82
 Cast: Corona            ||     5
       Ensorcelled Hiber ||     2
  Use: Scroll            ||     2
       Potion            ||     1
 Stab: Sleeping          ||    10
Armor: Robe              ||     5
Dodge: Dodged            ||    61

Table legend:
 A = Spawn XP
 B = Non-spawn XP
 C = Spawn XP percentage of total XP
 D = Spawn monster count
 E = Non-spawn monster count
 F = Spawn count percentage of total count
 G = Total turns spent on level
                    A         B        C        D         E        F      G
               +---------+---------+-------+---------+---------+-------+---------
         Total |       0 |      30 |   0.0 |       0 |      16 |   0.0 |  1058
               +---------+---------+-------+---------+---------+-------+---------
           D:1 |       0 |      16 |   0.0 |       0 |       8 |   0.0 |   942
           D:2 |       0 |      14 |   0.0 |       0 |       8 |   0.0 |   116
               +---------+---------+-------+---------+---------+-------+---------
